 Dungeon Crawl Stone Soup version 0.17.1-1-g73c8601 (webtiles) character file.

511 Peloso the Shield-Bearer (level 6, -7/56 HPs)
             Began as a Minotaur Fighter on Dec 17, 2015.
             Mangled by an ogre
             ... wielding a +0 giant spiked club
              (28 damage)
             ... on level 4 of the Dungeon.
             The game lasted 00:09:14 (2626 turns).

Peloso the Shield-Bearer (Minotaur Fighter)         Turns: 2626, Time: 00:09:15

Health: -7/56      AC: 13    Str: 22    XL:     6   Next: 99%
Magic:  5/5        EV:  5    Int:  5    God:
Gold:   117        SH: 10    Dex: 10    Spells: 0 memorised, 5 levels left

rFire  . . .     SeeInvis .     a - +1 long sword
rCold  . . .     Clarity  .     x - +0 plate armour
rNeg   . . .     SustAt   .     c - +0 shield
rPois  .         Gourm    .     (helmet restricted)
rElec  .         Spirit   .     j - +0 cloak
rCorr  .         Warding  .     (no gloves)
rMut   .         Stasis   .     (no boots)
MR     .....                    g - amulet of regeneration
Stlth  ..........               (no ring)
                                (no ring)

@: not resistant to hostile enchantments, extremely unstealthy
A: retaliatory headbutt, horns 2
a: no special abilities


You were on level 4 of the Dungeon.
You were not hungry.

You visited 1 branch of the dungeon, and saw 4 of its levels.

You collected 117 gold pieces.

Inventory:

Hand Weapons
 a - a +1 long sword (weapon)
 f - a cursed -1 mace
 w - a cursed -2 dagger
Armour
 b - a +0 scale mail
 c - a +0 shield (worn)
 j - a +0 cloak (worn)
 x - a +0 plate armour (worn)
Jewellery
 g - an amulet of regeneration (around neck)
Scrolls
 k - a scroll of teleportation
 o - 2 scrolls of fog
 q - 3 scrolls of identify
 r - a scroll of blinking {unknown}
 y - a scroll of enchant armour {unknown}
Potions
 d - 2 potions of might
 i - a potion of haste
 m - a potion of berserk rage
 p - a potion of brilliance {unknown}
 s - a potion of magic
 t - a potion of curing
 v - 2 potions of heal wounds {unknown}
 z - 2 potions of poison {unknown}
 A - a potion of ambrosia {unknown}
Comestibles
 e - 3 bread rations
 h - 3 chunks of flesh
 l - 2 meat rations
 n - 8 fruits
 u - a beef jerky


   Skills:
 + Level 5.1 Fighting
 + Level 4.4 Long Blades
 + Level 5.4 Armour
 + Level 2.8 Dodging
 + Level 5.8 Shields


You had 5 spell levels left.
You didn't know any spells.

Dungeon Overview and Level Annotations

Branches:
Dungeon (4/15)
 Temple: D:4-7

Altars:
Elyvilon
Fedhas
Gozag
Nemelex Xobeh
Trog
Vehumet
Xom
Yredelemnul
Zin


Innate Abilities, Weirdness & Mutations

You reflexively headbutt those who attack you in melee.
You have a pair of horns on your head.


Message History

y - a scroll labeled QYPIGRA OCOSEJU An ogre comes into view.
It is wielding a giant spiked club.
You hit the ogre.
The ogre is lightly wounded.
The ogre hits you with a giant spiked club!
You slash the ogre!
The ogre is severely wounded.
The ogre hits you with a giant spiked club!
You barely miss the ogre. Your headbutt misses the ogre.
The ogre is severely wounded.
The ogre barely misses you.
Your plate armour prevents you from hitting the ogre.
Your headbutt misses the ogre.
The ogre is severely wounded.
The ogre hits you with a giant spiked club!
You hit the ogre.
The ogre is almost dead.
The ogre hits you with a giant spiked club!!
Ouch! That really hurt!
You die...

#..._..##>####
#..#.#.##.# ##
#.##....... ..
#.#####.## ### .# #.#
#...# ... .. #.#
#.#.###.# .# #.#
#.#.....# .# #.#
#.###.#######.## #.#
#.# #.......@..#
#.###.###########O..#
#..........# .###
#####.####.# ## #.#
#)# ###### #.#
#.####....## #.#
#...)..###.## #.#
######## #..# ####
### #.#
#..###..#####.#


You could see an ogre.

Vanquished Creatures
  Sigmund (D:3)
  A scorpion (D:4)
  A crimson imp (D:4)
  Crazy Yiuf (D:3)
  2 iguanas (D:4)
  An orc wizard (D:4)
  A worker ant (D:4)
  2 adders
  4 gnolls
  An ooze (D:2)
  A giant gecko (D:3)
  16 orcs
  4 giant cockroaches
  3 goblins
  8 hobgoblins
  A quokka (D:3)
  2 ball pythons
  4 bats
  2 giant newts (D:4)
  6 kobolds
  15 rats
  2 fungi (D:3)
79 creatures vanquished.

Notes
Turn   | Place    | Note
--------------------------------------------------------------
     0 | D:1      | Peloso the Minotaur Fighter began the quest for the Orb.
     0 | D:1      | Reached XP level 1. HP: 19/19 MP: 0/0
   317 | D:1      | Reached XP level 2. HP: 25/27 MP: 1/1
   613 | D:1      | Reached skill level 4 in Fighting
   613 | D:1      | Reached XP level 3. HP: 15/33 MP: 2/2
  1055 | D:2      | Found a shimmering altar of Xom.
  1559 | D:3      | Reached skill level 1 in Dodging
  1562 | D:3      | Noticed Sigmund
  1563 | D:3      | Found a sparkling altar of Nemelex Xobeh.
  1598 | D:3      | Killed Sigmund
  1598 | D:3      | Reached XP level 4. HP: 13/41 MP: 3/3
  1598 | D:3      | Reached XP level 5. HP: 14/47 MP: 4/4
  1883 | D:3      | Reached skill level 5 in Shields
  2135 | D:3      | Noticed Crazy Yiuf
  2140 | D:3      | Killed Crazy Yiuf
  2140 | D:3      | Reached XP level 6. HP: 43/55 MP: 2/5
  2193 | D:4      | Found a glowing silver altar of Zin.
  2214 | D:4      | Found a radiant altar of Vehumet.
  2220 | D:4      | Found an opulent altar of Gozag.
  2220 | D:4      | Found a white marble altar of Elyvilon.
  2229 | D:4      | Found a basalt altar of Yredelemnul.
  2229 | D:4      | Found a bloodstained altar of Trog.
  2236 | D:4      | Reached skill level 5 in Fighting
  2236 | D:4      | Reached skill level 5 in Armour
  2449 | D:4      | Found a blossoming altar of Fedhas.
  2626 | D:4      | Mangled by an ogre

Action                   |  1- 3 |  4- 6 || total
-------------------------+-------+-------++-------
Melee: Long sword        |    98 |   144 ||   242
  Use: Potion            |     2 |       ||     2
       Scroll            |       |    11 ||    11
  Eat: Chunk             |     2 |     5 ||     7
